AoeStats
← _WizarD_

Lombardia

509774648Analyzed
4v4 RM · 5d ago on Sep 28, 2026· 26m 5s· 8 players
Game mode
Random Map
Map size
Large (8 player)
Population
200
Speed
Normal
Resources
Standard
Victory
Conquest
Starting age
Dark Age
Ending age
Imperial Age
RankedLock teamsTeams togetherTeam positionsShared explorationLock speedFull tech treeHidden civsTurbo modeCheats
Victory
Defeat
🇨🇿 Poles · Czechia
1481
+13
🇻🇳 Japanese · Vietnam
1439
+15
🇧🇷 Burmese · Brazil
1430
+16
🇨🇴 Persians · Colombia
1330
+20
🇺🇸 Mongols · United States
1436
-17
🇲🇽 Spanish · Mexico
1432
-16
🇺🇸 Malians · United States
1423
-16
🇨🇦 Poles · Canada
1388
-15
nbelgrad1
6:17 Loom
8:39 Feudal Age
9:32 Double-Bit Axe
16:30 Scale Barding Armor
16:35 Forging
18:58 Castle Age
17:37 Horse Collar
19:48 Bloodlines
MEX_Angel_Tj
8:42 Loom
10:41 Feudal Age
15:54 Castle Age
14:35 Horse Collar
15:43 Padded Archer Armor
15:39 Double-Bit Axe
20:37 Wheelbarrow
23:12 Leather Archer Armor
24:22 Husbandry
SometimesUnlucky
12:17 Feudal Age
13:16 Loom
13:40 Double-Bit Axe
16:04 Castle Age
15:34 Horse Collar
15:52 Gold Mining
16:28 Stone Mining
21:38 Heavy Plow
21:56 Bow Saw
_WizarD_
8:45 Loom
9:58 Loom
11:44 Feudal Age
14:33 Wheelbarrow
16:22 Castle Age
14:35 Double-Bit Axe
15:05 Horse Collar
15:35 Gold Mining
17:07 Fletching
17:18 Padded Archer Armor
18:55 Bodkin Arrow
25:23 Leather Archer Armor
26:13 Husbandry
26:24 Bloodlines
Lolda
9:02 Feudal Age
9:27 Double-Bit Axe
10:43 Horse Collar
20:28 Castle Age
18:28 Gold Mining
19:07 Bloodlines
19:03 Scale Barding Armor
19:08 Forging
21:15 Wheelbarrow
21:23 Bow Saw
22:02 Chain Barding Armor
22:27 Town Watch
23:07 Husbandry
24:55 Iron Casting
[SICK] WhiteSun
5:59 Loom
11:16 Feudal Age
12:07 Double-Bit Axe
16:06 Forging
18:27 Scale Barding Armor
18:30 Horse Collar
19:07 Bloodlines
23:30 Castle Age
21:34 Gold Mining
23:56 Wheelbarrow
24:12 Husbandry
26:26 Gold Shaft Mining
l3av3x
8:42 Loom
12:19 Feudal Age
13:29 Horse Collar
16:05 Castle Age
17:04 Heavy Plow
21:42 Town Watch
23:07 Gold Mining
26:28 Wheelbarrow
thanh7531
1:35 Loom
11:20 Feudal Age
13:25 Wheelbarrow
12:37 Double-Bit Axe
18:11 Castle Age
17:10 Horse Collar
17:25 Town Watch
19:32 Caravan
21:20 Bow Saw
Connection lost

Rejoining the realm…

Still unreachable

The connection could not be restored.

Session expired

The server has moved on; the page needs a fresh start.